 Dungeon Crawl Stone Soup version 0.17-a0-1655-g88a8506 (webtiles) character file.

133 Kolbur the Cudgeler (level 5, -1/38 HPs)
             Began as a Formicid Skald on Aug 15, 2015.
             Succumbed to a worker ant's poison
             ... on level 4 of the Dungeon.
             The game lasted 01:03:07 (3303 turns).

Kolbur the Cudgeler (Formicid Skald)                Turns: 3303, Time: 01:03:07

Health: -1/38      AC:  4    Str: 16    XL:     5   Next: 40%
Magic:  2/8        EV: 11    Int: 13    God:
Gold:   88         SH:  4    Dex: 10    Spells: 3 memorised, 2 levels left

rFire  . . .     SeeInvis +     i - +0 whip
rCold  . . .     Clarity  .     b - +0 leather armour
rNeg   . . .     SustAt   .     h - +0 buckler
rPois  .         Gourm    .     (helmet unavailable)
rElec  .         Spirit   .     (no cloak)
rCorr  .         Warding  .     (no gloves)
rMut   .         Stasis   +     l - +0 pair of boots
MR     .....                    (no amulet)
Stlth  +.........               (no ring)
                                (no ring)

@: lethally poisoned (-1 -> -22), flying, very slightly contaminated, not
resistant to hostile enchantments, very unstealthy
A: permanent stasis, dig shafts and tunnels, four strong arms, antennae 3
a: Dig, Shaft Self


You were on level 4 of the Dungeon.
You were hungry.

You visited 1 branch of the dungeon, and saw 7 of its levels.

You collected 88 gold pieces.

Inventory:

Hand weapons
 a - a +0 mace
 i - a +0 whip (weapon)
 r - a +0 hunting sling
 w - a +0 trident of piercing
Missiles
 g - 104 stones
 j - 108 arrows
 t - 3 tomahawks (quivered)
Armour
 b - a +0 leather armour (worn)
 h - a +0 buckler (worn)
 l - a +0 pair of boots (worn)
 q - a +0 robe
 u - a +0 chain mail
Scrolls
 e - a scroll of immolation
 f - a scroll of fear {unknown}
 n - 2 scrolls of remove curse {unknown}
 o - 2 scrolls of random uselessness {unknown}
 v - 2 scrolls of recharging {unknown}
 y - a scroll of identify
Potions
 k - a potion of flight
 s - a potion of might
 x - a potion of ambrosia {unknown}
 B - 2 potions of cancellation {unknown}
Books
 c - a book of Battle

   Spells                             Type                      Level
   a - Infusion                       Charms                       1
   b - Shroud of Golubria             Charms/Translocation         2
   c - Song of Slaying                Charms                       2
   d - Spectral Weapon                Hexes/Charms                 3
   e - Regeneration                   Charms/Necromancy            3
Miscellaneous
 p - a plain deck of defence
Comestibles
 d - 2 bread rations
 A - 6 fruits


   Skills:
 - Level 2.1 Fighting
 + Level 4.1 Maces & Flails
 - Level 1.1 Armour
 - Level 0.8 Dodging
 - Level 2.5 Shields
 - Level 2.1 Spellcasting
 - Level 3.0 Charms
 + Level 1.6 Necromancy


You had 2 spell levels left.
You knew the following spells:

 Your Spells              Type           Power        Failure   Level  Hunger
a - Infusion              Chrm           #.....       10%         1    ##.....
r - Regeneration          Chrm/Necr      #.........   38%         3    ####...
s - Shroud of Golubria    Chrm/Tloc      #.........   24%         2    ###....


Dungeon Overview and Level Annotations

Branches:
Dungeon (7/15)
 Temple: D:4-7

Altars:
Cheibriados
Gozag
Kikubaaqudgha
Nemelex Xobeh
Qazlal
Yredelemnul

Annotations:
D:2 Terence
D:3 Grinder
D:4 Edmund; Kidiri's ghost, average KoEn
D:6 Sigmund


Innate Abilities, Weirdness & Mutations

You are under a permanent stasis effect.
You can dig through walls and to a lower floor.
Your four strong arms can wield two-handed weapons with a shield.
You have a pair of large antennae on your head (SInv).


Message History

* * * LOW HITPOINT WARNING * * *
You are more poisoned.
The worker ant poisons you!
Drink which item? (? for menu, Esc to quit)
Okay, then.
Unknown command.
Unknown command.
Unknown command.
Unknown command.
Unknown command.
Unknown command.
Drink which item? (? for menu, Esc to quit)
Okay, then.
Unknown command.
Unknown command.
Drink which item? (? for menu, Esc to quit)
It was a potion of flight.
You feel very buoyant.
You fly up into the air.
You die...

#.# ..+ #.# #.# #(#....#
#.#. #.#. #.#....##.......
. #.#............ #a#....
#..#.##..# #@##..#
#......... #.##..#
#..#.##..#
###.##..###..#.##..#
#####..............##..#
#.......##.......####..#
#####.######..###..####..#
#.........................
############.###..###.##.#
#..............


You could see a worker ant.

Vanquished Creatures
  An orc wizard (D:3)
  3 adders
  2 oozes
  5 worms
  6 orcs (D:3)
  2 giant cockroaches
  4 hobgoblins
  2 quokkas (D:3)
  A ball python (D:4)
  6 bats
  5 giant newts
  4 goblins (D:1)
  6 jackals
  6 kobolds
  4 rats
57 creatures vanquished.

Notes
Turn   | Place    | Note
--------------------------------------------------------------
     0 | D:1      | Kolbur the Formicid Skald began the quest for the Orb.
     0 | D:1      | Reached XP level 1. HP: 16/16 MP: 3/3
   438 | D:1      | Reached XP level 2. HP: 22/22 MP: 5/5
   443 | D:1      | Learned a level 2 spell: Shroud of Golubria
   840 | D:1      | Found a sparkling altar of Nemelex Xobeh.
  1138 | D:2      | Reached XP level 3. HP: 20/27 MP: 3/6
  1289 | D:1      | Reached skill level 1 in Shields
  1359 | D:2      | Learned a level 3 spell: Regeneration
  1395 | D:2      | Noticed Terence
  1405 | D:2      | You fall through a shaft!
  1408 | D:3      | You fall through a shaft for 3 floors!
  1514 | D:6      | Noticed Sigmund
  1519 | D:6      | You fall through a shaft!
  1519 | D:7      | Noticed an orc warrior
  1532 | D:5      | Entered Level 5 of the Dungeon
  1778 | D:4      | Noticed Edmund
  1918 | D:2      | Reached XP level 4. HP: 8/33 MP: 2/7
  2705 | D:3      | Reached skill level 1 in Necromancy
  2705 | D:3      | Reached XP level 5. HP: 24/38 MP: 8/8
  2739 | D:3      | Reached skill level 4 in Maces & Flails
  2937 | D:3      | Found an opulent altar of Gozag.
  3023 | D:3      | Found a stormy altar of Qazlal.
  3145 | D:3      | Noticed Grinder
  3150 | D:4      | Noticed Kidiri's ghost (average KoEn)
  3153 | D:3      | Found a basalt altar of Yredelemnul.
  3153 | D:3      | Found a snail-covered altar of Cheibriados.
  3154 | D:3      | Found an ancient bone altar of Kikubaaqudgha.
  3159 | D:3      | You fall through a shaft!
  3302 | D:4      | HP: 1/38 [worker ant (5)]
  3303 | D:4      | Succumbed to a worker ant's poison

Vault maps used:
D:1:      minmay_arrival_plants_in_alcoves, nemelex_deck
D:2:      first_bread, uniq_terence
D:3:      lemuel_crystal_altar, grunt_qazlal_clouds, grunt_temple_overflow_open,
          kennysheep_generic_room_6, uniq_grinder
D:4:      uniq_edmund
D:5:      tgw_sif
D:6:      minmay_temple_entry_overgrown, lightli_sewer_entry_pipes,
          uniq_sigmund, uniq_prince_ribbit1
D:7:      grunt_ogre_cave, grunt_gozag_breadcrumbs

Action                   |  1- 3 |  4- 6 || total
-------------------------+-------+-------++-------
Melee: Mace              |    26 |       ||    26
       Whip              |    78 |   211 ||   289
Throw: Stone             |    30 |    26 ||    56
       Tomahawk          |       |     4 ||     4
 Cast: Infusion          |     4 |     3 ||     7
       Shroud of Golubri |     5 |    12 ||    17
       Regeneration      |     1 |     5 ||     6
 Abil: Shaft Self        |     3 |     1 ||     4
       Dig               |     1 |     1 ||     2
  Use: Scroll            |       |     4 ||     4
       Potion            |       |     2 ||     2
  Eat: Chunk             |     5 |     7 ||    12
       Pizza             |       |     1 ||     1
